 Dungeon Crawl Stone Soup version 0.22.1-2-g9c5b331 (webtiles) character file.

1089 nightchill the Ruffian (level 8, -3/70 HPs)
             Began as a Ghoul Warper on Nov 24, 2018.
             Was an Initiate of Ru.
             Slain by an orc warrior
             ... wielding a +0 trident
              (19 damage)
             ... in the Ecumenical Temple.
             The game lasted 00:28:11 (7093 turns).

nightchill the Ruffian (Ghoul Warper)               Turns: 7093, Time: 00:28:11

Health: -3/70      AC: 17    Str: 15    XL:     8   Next: 30%
Magic:  9/9        EV:  2    Int: 13    God:    Ru [......]
Gold:   416        SH:  6    Dex:  8    Spells: 10/10 levels left

rFire    . . .     SeeInvis .     - Unarmed
rCold    + . .     Gourm    .   t - +0 shield
rNeg     + + +     Faith    .   s - +0 plate armour
rPois    ∞         Spirit   .   h - +2 helmet {Int+3}
rElec    .         Reflect  .   (no cloak)
rCorr    .         Harm     .   (no gloves)
MR       .....                  m - +1 pair of boots
Stlth    ..........             (no amulet)
HPRegen  0.00/turn              (no ring)
MPRegen  0.11/turn              (no ring)

@: rotting
A: rotting body, claws 1, carnivore, cold resistance 1, negative energy
resistance 3, inhibited regeneration, torment resistance, unbreathing
a: Renounce Religion


You were in the Ecumenical Temple.
You worshipped Ru.
Ru was noncommittal.
You were not hungry.

You visited 2 branches of the dungeon, and saw 7 of its levels.

You collected 416 gold pieces.

Inventory:

Missiles
 b - 6 curare-tipped needles
 d - 4 tomahawks of dispersal
 l - 90 sling bullets
 v - 93 stones
 C - 6 javelins (quivered)
Armour
 h - a +2 helmet of intelligence (worn)
 k - a +0 helmet
 m - a +1 pair of boots (worn)
 s - a +0 plate armour (worn)
 t - a +0 shield (worn)
Jewellery
 a - an uncursed ring of magical power {unknown}
 p - a cursed -3 ring of strength {unknown}
 q - an uncursed ring of magical power {unknown}
 r - a cursed -3 ring of evasion {unknown}
 x - a +2 amulet of reflection {unknown}
 y - an uncursed amulet of magic regeneration {unknown}
Wands
 j - a wand of digging (8)
Scrolls
 c - a scroll of blinking
 g - 4 scrolls of teleportation
 n - a scroll of immolation
 z - 2 scrolls of fog
 B - a scroll of torment
 E - a scroll of identify
Potions
 e - 2 potions of ambrosia
 i - 3 potions of curing
 o - 4 potions of magic
 u - 3 potions of flight
 A - a potion of haste {unknown}
Comestibles
 f - 12 rations


   Skills:
 + Level 5.6 Fighting
 - Level 0.8 Throwing
 - Level 4.0 Armour
 - Level 1.7 Dodging
 * Level 7.8 Unarmed Combat
 - Level 1.7 Spellcasting
   Level 2.6 Translocations


You had 10 spell levels left.
You didn't know any spells.
Your spell library contained the following spells:

 Spells                   Type           Power        Failure   Level  Hunger
 Magic Dart               Conj           #...         100%        1    ##.....
 Blink                    Tloc           N/A          100%        2    ###....
 Call Imp                 Summ           #.......     100%        2    ###....
 Shroud of Golubria       Chrm/Tloc      #.........   100%        2    ###....
 Slow                     Hex            #.......     100%        2    ###....
 Conjure Flame            Conj/Fire      #.......     100%        3    ####...
 Gell's Gravitas          Tloc           #.........   100%        3    ####...
 Lesser Beckoning         Tloc           #.........   100%        3    ####...
 Mephitic Cloud           Conj/Pois/Air  #.......     100%        3    ####...
 Teleport Other           Tloc           #.......     100%        3    ####...
 Passage of Golubria      Tloc           N/A          100%        4    #####..


Dungeon Overview and Level Annotations

Branches:
Dungeon (6/15)             Temple (1/1) D:6

Altars:
Dithmenos
Elyvilon
Fedhas
Gozag
Kikubaaqudgha
Qazlal
Ru
Uskayaw
Xom
Zin
The Shining One

Shops:
D:5 !*=[

Annotations:
D:1 exclusion: downstairs
D:2 Sigmund
D:3 exclusion: downstairs
D:5 exclusion: downstairs


Innate Abilities, Weirdness & Mutations

Your body is rotting away.
You thrive on raw meat.
You are immune to poison.
You have sharp fingernails.
You are carnivorous and can eat meat at any time.
Your flesh is cold resistant. (rC+)
You are immune to negative energy. (rN+++)
You do not regenerate when monsters are visible.
You are immune to unholy pain and torment.
You can survive without breathing.


Message History

You scratch the orc warrior but do no damage.
The orc warrior is almost dead.
The orc warrior hits you but does no damage.
You scratch the orc warrior.
The orc warrior is almost dead.
You scratch the orc warrior but do no damage.
The orc warrior is almost dead.
The orc warrior hits you with a trident.
* * * LOW HITPOINT WARNING * * *
Okay, then.
Your plate armour prevents you from hitting the orc warrior.
The orc warrior is almost dead.
The orc warrior hits you but does no damage.
You scratch the orc warrior but do no damage.
The orc warrior is almost dead.
The orc warrior barely misses you.
You closely miss the orc warrior.
The orc warrior is almost dead.
The orc warrior hits you with a trident!!
You die...

##### # ##...## ##
#.....# #. ##+# #..<..#
###+### #.
.....###.o...###.....###.
.......#'o..'#.........#'
.......)#####...........#
.###...o@###.....###.....
##.....#.....#####....
+#.........#'...'#...
##.......##.....##..
##.....###.._..##..
#.......##.....##..
#.........#+...'#...
#.....#.....#####....
#.....###.....###.....


You could see an orc warrior.

Vanquished Creatures
  Eustachio (D:5)
  A centaur (D:5)
  2 bullfrogs
  A wyvern skeleton (D:6)
  6 crimson imps
  2 hounds
  An orc priest (D:4)
  Natasha (D:2)
  An iguana (D:5)
  An orc wizard (D:4)
  2 worker ants
  A hound skeleton (D:6)
  Robin (D:1)
  7 adders
  4 gnolls
  An ooze (D:2)
  3 worms
  4 dart slugs
  A leopard gecko (D:3)
  9 orcs
  6 giant cockroaches
  25 goblins
  12 hobgoblins
  12 jackals
  4 quokkas
  6 bats
  6 frilled lizards
  8 kobolds
  10 rats
139 creatures vanquished.

Notes
Turn   | Place    | Note
-------+----------+-------------------------------------------
     0 | D:1      | nightchill the Ghoul Warper began the quest for the Orb.
     0 | D:1      | Reached XP level 1. HP: 17/17 MP: 2/2
   277 | D:1      | Reached XP level 2. HP: 25/25 MP: 3/3
   599 | D:1      | Reached skill level 3 in Unarmed Combat
  1024 | D:2      | Reached XP level 3. HP: 30/30 MP: 4/4
  1055 | D:2      | Reached skill level 1 in Armour
  1059 | D:2      | Noticed Robin
  1108 | D:1      | Killed Robin
  1188 | D:2      | Reached XP level 4. HP: 33/38 MP: 5/5
  1253 | D:2      | Found a glowing golden altar of the Shining One.
  1265 | D:2      | Found a shadowy altar of Dithmenos.
  1424 | D:2      | Noticed Natasha
  1441 | D:2      | Reached skill level 4 in Unarmed Combat
  1467 | D:2      | Killed Natasha
  1617 | D:2      | Noticed Sigmund
  1759 | D:2      | Reached XP level 5. HP: 45/45 MP: 6/6
  2378 | D:3      | Found a blossoming altar of Fedhas.
  2437 | D:3      | Found a stormy altar of Qazlal.
  2487 | D:3      | Found an opulent altar of Gozag.
  2488 | D:3      | Found a glowing silver altar of Zin.
  3301 | D:4      | Reached skill level 5 in Unarmed Combat
  3301 | D:4      | Reached XP level 6. HP: 42/52 MP: 7/7
  4443 | D:5      | Entered Level 5 of the Dungeon
  4560 | D:5      | Reached XP level 7. HP: 60/60 MP: 8/8
  4634 | D:5      | Found a hide-covered altar of Uskayaw.
  4654 | D:5      | Reached skill level 6 in Unarmed Combat
  4859 | D:5      | Found Luzogodi's General Store.
  4859 | D:5      | Found Plog's Distillery.
  4859 | D:5      | Found Aryeve's Jewellery Boutique.
  4860 | D:5      | Found Xiecerus's Antique Armour Boutique.
  5074 | D:5      | Noticed Eustachio
  5964 | D:5      | Killed Eustachio
  5964 | D:5      | Reached skill level 5 in Fighting
  5964 | D:5      | Reached skill level 7 in Unarmed Combat
  6223 | D:5      | Reached XP level 8. HP: 66/68 MP: 9/9
  6960 | D:6      | Found a staircase to the Ecumenical Temple.
  6967 | Temple   | Entered the Ecumenical Temple
  7025 | Temple   | Became a worshipper of Ru the Awakened
  7093 | Temple   | Slain by an orc warrior

Skill      XL: |  1  2  3  4  5  6  7  8 |
---------------+-------------------------+-----
Unarmed Combat | 3 4 5 7 |  7.8
Armour         | 1 2 3 4 |  4.0
Fighting       | 3 4 5 |  5.6
Throwing       | |  0.8
Dodging        | |  1.7
Spellcasting   | |  1.7
Translocations | |  2.6

Action                   |  1- 3 |  4- 6 |  7- 9 || total
-------------------------+-------+-------+-------++-------
Melee: Unarmed           |   104 |   374 |   255 ||   733
Throw: Tomahawk          |       |     1 |       ||     1
  Use: Scroll            |       |     8 |     7 ||    15
       Potion            |       |     1 |     4 ||     5
  Eat: Chunk             |    13 |    21 |     8 ||    42
Armor: Leather armour    |    16 |       |       ||    16
       Plate armour      |    38 |   251 |   209 ||   498
Dodge: Dodged            |    24 |    17 |    19 ||    60
Block: Shield            |    19 |   103 |    70 ||   192
